 Seeded DCSS version 0.30.1 (webtiles) character file.

Game seed: 1134267663887493177 (custom seed)

167 valliere the Grasshopper (level 5, -9/46 HPs)
             Began as a Naga Warper on July 10, 2023.
             Mangled by a gnoll
             ... wielding a +0 halberd
             ... led by a gnoll bouda
              (11 damage)
             ... on level 3 of the Dungeon.
             The game lasted 00:07:31 (1763 turns).

valliere the Grasshopper (Naga Warper)              Turns: 1763, Time: 00:07:32

Health: -9/46      AC: 20    Str: 15    XL:     5   Next: 48%
Magic:  17/17      EV:  5    Int: 13    God:
Gold:   157        SH:  0    Dex: 11    Spells: 4/8 levels left

rFire   + + .        a - +0 spear
rCold   x . .        (no shield)
rNeg    + . .        m - +0 fire dragon scales
rPois   +            (no helmet)
rElec   .            (no cloak)
rCorr   .            (no gloves)
SInv    +            p - +10 Black Knight's barding {ponderous, rPois rN+}
Will    .....        q - amulet of the acrobat Stlth
                     o - ring of magical power
HPRegen 0.27/turn    (no ring)
MPRegen 0.15/turn

%: acrobat
@: short of breath, very slow
A: AC +1, large, see invisible, deformed body, poison resistance, slowness 2,
spit poison 1, naga tail 1
a: Spit Poison


You were on level 3 of the Dungeon.
You visited 1 branch of the dungeon, and saw 3 of its levels.

You collected 157 gold pieces.

Inventory:

Hand Weapons
 a - a +0 spear (weapon)
Missiles
 d - 6 boomerangs of dispersal (quivered)
Armour
 b - a +0 leather armour
 m - +0 fire dragon scales (worn)
 p - the +10 Black Knight's barding (worn) {ponderous, rPois rN+}
   (You found it on level 2 of the Dungeon)

   rPois:     It protects you from poison.
   rN:        It protects you from negative energy.
Jewellery
 o - a ring of magical power (left hand)
 q - an amulet of the acrobat (around neck)
Scrolls
 c - 3 scrolls of blinking
 e - a scroll of fog {unknown}
 f - a scroll of fear {unknown}
 i - 5 scrolls of identify
 j - a scroll of silence {unknown}
 k - 2 scrolls of magic mapping
 n - 3 scrolls of amnesia
 r - a scroll of teleportation {unknown}
 t - a scroll of poison {unknown}
 v - a scroll of enchant armour {unknown}
Potions
 g - 2 potions of ambrosia {unknown}
 h - a potion of mutation {unknown}
 l - a potion of degeneration {unknown}
 s - a potion of cancellation {unknown}
 u - a potion of haste {unknown}


   Skills:
 + Level 2.6 Fighting
 + Level 2.6 Polearms
 - Level 0.8 Throwing
 + Level 1.6 Armour
 + Level 2.1 Dodging
 + Level 2.5 Stealth
 - Level 2.0 Spellcasting
 + Level 3.4 Translocations
 + Level 1.8 Poison Magic
 + Level 1.5 Invocations


You had 4 spell levels left.
You knew the following spells:

 Your Spells              Type           Power      Damage    Failure   Level
a - Poisonous Vapours     Pois/Air       6%         N/A       82%         2
b - Blink                 Tloc           20%        N/A       45%         2

Your spell library contained the following spells:

 Spells                   Type           Power      Damage    Failure   Level
 Lesser Beckoning         Tloc           20%        N/A       45%         2
 Teleport Other           Tloc           10%        N/A       71%         3
 Magic Dart               Conj           4%         1d3       80%         1
 Searing Ray              Conj           2%         2d4       90%         2
 Vhi's Electric Charge    Tloc/Air       10%        N/A       90%         3
 Spider Form              Tmut/Pois      3%         N/A       96%         3
 Mephitic Cloud           Conj/Pois/Air  2%         N/A       97%         3
 Manifold Assault         Tloc           10%        N/A       98%         4
 Fulminant Prism          Conj/Hex       0%         3d5       100%        4
 Freezing Cloud           Conj/Ice/Air   0%         6-21      100%        5
 Simulacrum               Ice/Necr       0%         N/A       100%        6
 Polar Vortex             Ice            0%         N/A       100%        9


Dungeon Overview and Level Annotations

Branches:
Dungeon (3/15)

Altars:


Innate Abilities, Weirdness & Mutations

Your serpentine skin is tough. (AC +1)
You have supernaturally acute eyesight. (SInv)
Armour fits poorly on your strangely shaped body.
Your system is resistant to poisons. (rPois)
You cover ground very slowly.
You can spit poison.
You have a snake-like lower body.


Message History

Reach: a) +0 spear
Press: ? - help, Dir - move target, f/p - gnoll
Aim: a gnoll, wielding a +0 halberd (moderately wounded, about 36% to evade your +0 spear)
You reach to attack!
You completely miss the gnoll.
The gnoll is moderately wounded.
The gnoll hits you but does no damage.
Reach: a) +0 spear
Press: ? - help, Dir - move target, f/p - gnoll
Aim: a gnoll, wielding a +0 halberd (moderately wounded, about 36% to evade your +0 spear)
You reach to attack!
You hit the gnoll.
The gnoll is heavily wounded.
The gnoll barely misses you.
Okay, then.
Reach: a) +0 spear
Press: ? - help, Dir - move target, f/p - gnoll
Aim: a gnoll, wielding a +0 halberd (heavily wounded, about 36% to evade your +0 spear)
You reach to attack!
You hit the gnoll.
The gnoll is severely wounded.
The gnoll hits you but does no damage.
Reach: a) +0 spear
Press: ? - help, Dir - move target, f/p - gnoll
Aim: a gnoll, wielding a +0 halberd (severely wounded, about 36% to evade your +0 spear)
You reach to attack!
You barely miss the gnoll.
The gnoll is severely wounded.
The gnoll hits you from afar with a +0 halberd!
* * * LOW HITPOINT WARNING * * *
Reach: a) +0 spear
Press: ? - help, Dir - move target, f/p - gnoll
Aim: a gnoll, wielding a +0 halberd (heavily wounded, about 36% to evade your +0 spear)
You reach to attack!
You closely miss the gnoll.
The gnoll is heavily wounded.
You have got your breath back.
The gnoll hits you but does no damage.
Aiming: Spit Poison (1% risk of failure)
Press: ? - help, Shift-Dir - straight line, f/p - gnoll
Aim: a gnoll, wielding a +0 halberd (heavily wounded, 65% to hit)
The splash of poison hits the gnoll.
The gnoll is poisoned.
The gnoll is severely wounded.
The gnoll hits you from afar with a +0 halberd!
You die...

### ### ##### #.##
.. ..###...####..##
#. #...............
#.######...###.#.##
#......#...###.#.##
#)@)...............
#.###.##...........
#g #......###.....
.. ####...###.....
### ##..>..#.....
#.# #....#.......
##.# #.######.....
#..# ##.# ####.....
#.## #..# ........#


You could see a gnoll (poisoned).

Vanquished Creatures
  A gnoll bouda (D:3)
  4 adders
  6 gnolls
  A worm (D:2)
  An orc (D:3)
  6 endoplasms
  3 giant cockroaches
  5 goblins
  2 quokkas
  6 ball pythons
  4 bats
  2 frilled lizards (D:2)
  A kobold (D:3)
  5 rats
47 creatures vanquished.

Notes
Turn   | Place    | Note
-------+----------+-------------------------------------------
     0 | D:1      | valliere the Naga Warper began the quest for the Orb.
     0 | D:1      | Reached XP level 1. HP: 19/19 MP: 3/3
   154 | D:1      | Reached skill level 1 in Armour
   154 | D:1      | Reached XP level 2. HP: 21/26 MP: 5/5
   381 | D:1      | Reached skill level 1 in Stealth
   388 | D:1      | Learned a level 2 spell: Poisonous Vapours
   391 | D:1      | Learned a level 2 spell: Blink
   439 | D:1      | Reached skill level 1 in Invocations
   439 | D:1      | Reached XP level 3. HP: 32/32 MP: 6/6
   892 | D:2      | Found the +10 Black Knight's barding {ponderous, rPois rN+}
   962 | D:2      | Reached skill level 1 in Poison Magic
   975 | D:2      | Reached XP level 4. HP: 40/40 MP: 7/7
  1225 | D:2      | Got the Elucidation of the Serac and Poisoning
  1726 | D:3      | Reached XP level 5. HP: 40/46 MP: 8/8
  1761 | D:3      | HP: 1/46 [gnoll/+0 halberd[a gnoll bouda] (8)]
  1763 | D:3      | Mangled by a gnoll

Illustrated notes

Levels and vault maps discovered:
D:1:      dpeg_arrival_tiny_d, layout_loops_ring, roderic_lattice_a
D:2:      layout_rooms, minmay_indecisive_spiral
D:3:      layout_rooms, fedhas_altar_fruit_tree, bh_walls_and_bars

Skill      XL: |  1  2  3  4 |
---------------+-------------+-----
Armour         | 1 |  1.6
Stealth        | 1 2 |  2.5
Invocations    | 1 |  1.5
Poison Magic   | 1 |  1.8
Dodging        | 2 |  2.1
Fighting       | |  2.6
Polearms       | |  2.6
Throwing       | |  0.8
Spellcasting   | |  2.0
Translocations | |  3.4

Action                     |  1- 3 |  4- 6 || total
---------------------------+-------+-------++-------
  Melee: Spear             |    67 |   116 ||   183
  Throw: Boomerang         |       |     1 ||     1
Ability: Spit Poison       |    15 |    10 ||    25
    Use: Scroll            |       |     2 ||     2
 Armour: Leather armour    |     2 |       ||     2
         Fire dragon scale |    22 |    86 ||   108
  Dodge: Dodged            |    10 |    27 ||    37
